 Dungeon Crawl Stone Soup version 0.19-a0-1821-g42c593c (webtiles) character file.

42 protoss039 the Covered (level 3, -1/33 HPs)
             Began as a Minotaur Fighter on Sept 4, 2016.
             Slain by a hobgoblin (2 damage)
             ... on level 2 of the Dungeon on Oct 6, 2016.
             The game lasted 00:05:57 (1626 turns).

protoss039 the Covered (Minotaur Fighter)           Turns: 1626, Time: 00:05:58

Health: -1/33      AC:  7    Str: 21    XL:     3   Next: 33%
Magic:  2/2        EV:  7    Int:  7    God:
Gold:   136        SH:  9    Dex:  9    Spells: 0 memorised, 2 levels left

rFire  . . .     SeeInvis .     a - +0 war axe
rCold  . . .     Gourm    .     b - +0 scale mail
rNeg   . . .     Faith    .     c - +0 shield
rPois  .         Spirit   .     (helmet restricted)
rElec  .         Dismiss  .     (no cloak)
rCorr  .         Reflect  .     (no gloves)
MR     .....     Harm     .     (no boots)
Stlth  ..........               (no amulet)
                                (no ring)
                                i - +2 ring of intelligence

@: starving
A: retaliatory headbutt, horns 2
a: no special abilities


You were on level 2 of the Dungeon.
You were starving.

You visited 1 branch of the dungeon, and saw 2 of its levels.

You collected 136 gold pieces.

Inventory:

Hand Weapons
 a - a +0 war axe (weapon)
Armour
 b - a +0 scale mail (worn)
 c - a +0 shield (worn)
Jewellery
 g - an uncursed amulet of the gourmand {unknown}
 i - a +2 ring of intelligence (left hand)
Scrolls
 k - a scroll of amnesia
Potions
 j - 2 potions of lignification
 l - 2 potions of brilliance
Comestibles
 f - 4 bread rations
 h - 3 fruits


   Skills:
 * Level 4.2 Fighting
 * Level 2.7 Axes
 + Level 4.2 Armour
 + Level 4.2 Shields


You had 2 spell levels left.
You didn't know any spells.

Dungeon Overview and Level Annotations

Branches:
Dungeon (2/15)

Altars:
Fedhas


Innate Abilities, Weirdness & Mutations

You reflexively headbutt those who attack you in melee.
You have a pair of horns on your head.


Message History

The hobgoblin hits you.
* * * LOW HITPOINT WARNING * * *
You block the hobgoblin's attack. You block the hobgoblin's attack.
The hobgoblin barely misses you. You block the hobgoblin's attack.
The hobgoblin hits you but does no damage.
The hobgoblin hits you.
* * * LOW HITPOINT WARNING * * *
The hobgoblin hits you but does no damage.
The hobgoblin hits you but does no damage.
The hobgoblin barely misses you. The hobgoblin barely misses you.
The hobgoblin hits you.
* * * LOW HITPOINT WARNING * * *
The hobgoblin hits you but does no damage.
You block the hobgoblin's attack. You block the hobgoblin's attack.
The hobgoblin hits you.
You die...

#.# #############.#
#...<.........## #######
#.##########...## #...... #.#
#<....# #.##### #.####### ##...##
#.# # ####.#PPPPP#
##.##########.### # ......P...P#
#..............# # .#.#.#P...P#
#@##########.#.### .#.#..P...P#
#g# #...... .#.#..PPP.P# (..
###.#.# .#.###.#.#.# .?...
###...#. .#.###.#..[# .......
##.##...#
.#.##...##.#.........####.......#
...........+.........+...........
#####...####.........####...##..#
#.†## ##.###..#


You could see a hobgoblin.

Vanquished Creatures
  A worm (D:2)
  2 dart slugs
  A leopard gecko (D:1)
  8 goblins
  4 hobgoblins
  6 bats
  A frilled lizard (D:1)
  5 kobolds
  4 rats
32 creatures vanquished.

Vanquished Creatures (others)
  A fungus (D:2)
1 creature vanquished.

Grand Total: 33 creatures vanquished

Notes
Turn   | Place    | Note
-------+----------+-------------------------------------------
     0 | D:1      | protoss039 the Minotaur Fighter began the quest for the Orb.
     0 | D:1      | Reached XP level 1. HP: 19/19 MP: 0/0
   127 | D:1      | Reached XP level 2. HP: 23/27 MP: 1/1
   453 | D:2      | Found a blossoming altar of Fedhas.
   468 | D:2      | Upgraded the game from 0.19-a0-1401-g902f63d to 0.19-a0-1821-g42c593c
   737 | D:2      | Reached XP level 3. HP: 20/33 MP: 2/2
  1377 | D:2      | HP: 1/33 [worm (2)]
  1384 | D:2      | HP: 1/33 [worm (1)]
  1622 | D:2      | HP: 1/33 [hobgoblin (2)]
  1626 | D:2      | Slain by a hobgoblin

Vault maps used:
D:1:      mushboom_english_gardens, serial_glass, glass_columns_a,
          glass_columns_c, glass_columns_a, glass_columns_b, glass_columns_a,
          glass_columns_a, serial_park_tiny_pond
D:2:      minmay_gold_behind_fungi, fedhas_altar_3

Skill      XL: |  1  2  3 |
---------------+----------+-----
Shields        | 4 |  4.2
Armour         | 4 |  4.2
Fighting       | 4 |  4.2
Axes           | |  2.7

Action                   || total
-------------------------++-------
Melee: War axe           ||    58
       Headbutt          ||     2
  Use: Scroll            ||     4
       Potion            ||     5
Armor: Scale mail        ||   149
       Skin              ||     3
Dodge: Dodged            ||   106
Block: Shield            ||   216
